 Dungeon Crawl Stone Soup version 0.28-a0-413-gde365fb1df (webtiles) character file.

Game seed: 8211392878535087861

37 heikuro the Shield-Bearer (level 3, -1/29 HPs)
             Began as a Formicid Fighter on Sept 7, 2021.
             Was a Follower of Cheibriados.
             Slain by Crazy Yiuf (2 damage)
             ... on level 2 of the Dungeon.
             The game lasted 00:02:46 (1584 turns).

heikuro the Shield-Bearer (Formicid Fighter)        Turns: 1584, Time: 00:02:47

Health: -1/29      AC: 12    Str: 29    XL:     3   Next: 62%
Magic:  3/3        EV:  5    Int: 10    God:    Cheibriados [*.....]
Gold:   68         SH:  9    Dex: 14    Spells: 2/2 levels left

rFire   . . .      SeeInvis +   a - +0 long sword
rCold   . . .      Faith    .   j - +0 kite shield
rNeg    . . .      Spirit   .   c - +0 plate armour
rPois   .          Reflect  .   (helmet unavailable)
rElec   .          Harm     .   (no cloak)
rCorr   .          Rampage  .   l - +0 pair of gloves
Will    .....                   (no boots)
Stlth   ..........              (no amulet)
HPRegen 0.09/turn               b - +6 ring of strength
MPRegen 0.08/turn               (no ring)

@: lethally poisoned (-1 -> -5), very slow
A: permanent stasis, dig shafts and tunnels, antennae 3, four strong arms
a: Dig, Shaft Self, Renounce Religion, Bend Time


You were on level 2 of the Dungeon.
You worshipped Cheibriados.
Cheibriados was aware of your devotion.
You visited 1 branch of the dungeon, and saw 2 of its levels.

You collected 68 gold pieces.

Inventory:

Hand Weapons
 a - a +0 long sword (weapon)
Armour
 c - a +0 plate armour (worn)
 j - a +0 kite shield (worn)
 l - a +0 pair of gloves (worn)
Jewellery
 b - a +6 ring of strength (left hand)
Scrolls
 e - a scroll of brand weapon {unknown}
 g - a scroll of fog {unknown}
 h - 2 scrolls of identify {unknown}
Potions
 d - a potion of might
 f - a potion of invisibility {unknown}
 i - 2 potions of haste {unknown}
 k - 2 potions of lignification {unknown}


   Skills:
 + Level 3.6 Fighting
 * Level 2.7 Long Blades
 + Level 3.6 Armour
 + Level 4.0 Shields
 + Level 0.4 Invocations


You had 2 spell levels left.
You didn't know any spells.
Your spell library was empty.

Dungeon Overview and Level Annotations

Branches:
Dungeon (2/15)

Altars:
Cheibriados

Annotations:
D:2 Crazy Yiuf


Innate Abilities, Weirdness & Mutations

You cannot be hasted, slowed, berserked, paralysed or teleported.
You can dig through walls and to a lower floor.
You have a pair of large antennae on your head. (SInv)
Your four strong arms can wield two-handed weapons with a shield.


Message History

You see here a +0 mace.
Found three maces.
You see here a +0 mace.
You open the door. You hit Crazy Yiuf.
Crazy Yiuf is lightly wounded.
Crazy Yiuf waves his quarterstaff at you.
You block Crazy Yiuf's attack.
Crazy Yiuf says, "Mugger!"
Crazy Yiuf hits you with a +2 quarterstaff of chaos.
Space bends around you.
You closely miss Crazy Yiuf.
Crazy Yiuf is lightly wounded.
Crazy Yiuf zaps a wand.
You resist with some effort.
You slash Crazy Yiuf!
Crazy Yiuf is heavily wounded.
Crazy Yiuf hits you with a +2 quarterstaff of chaos.
You are poisoned.
Crazy Yiuf hits you but does no damage.
You are electrocuted!
You hit Crazy Yiuf but do no damage.
Crazy Yiuf is heavily wounded.
You feel sick.
Crazy Yiuf screams, "Liver disdain illywillydillykilly!"
Crazy Yiuf hits you but does no damage.
You closely miss Crazy Yiuf.
Crazy Yiuf is heavily wounded.
* * * LOW HITPOINT WARNING * * *
You feel sick. Crazy Yiuf barely misses you.
Crazy Yiuf hits you but does no damage.
You hit Crazy Yiuf.
Crazy Yiuf is severely wounded.
You feel sick. Crazy Yiuf barely misses you.
You closely miss Crazy Yiuf.
Crazy Yiuf is severely wounded.
You feel sick.
Crazy Yiuf hits you with a +2 quarterstaff of chaos.
* * * LOW HITPOINT WARNING * * *
Your stasis prevents you from being slowed.
Crazy Yiuf hits you with a +2 quarterstaff of chaos.
You die...

........ ........
####### #####
...... #).)# ......
#)))# ###### )))
#g# ♣@♣♣ # ♣♣)♣ #
♣)♣♣ # ♣♣)♣ ##
♣♣)♣♣ #. ♣♣..)♣ #.
♣....♣ #######.
##..## ###.......
#....#####.........


You could see Crazy Yiuf.

Vanquished Creatures
  A worm (D:2)
  6 endoplasms
  A giant cockroach (D:1)
  A goblin (D:2)
  7 hobgoblins
  3 quokkas
  2 bats
  4 frilled lizards
  2 kobolds (D:1)
  3 rats
30 creatures vanquished.

Notes
Turn   | Place    | Note
-------+----------+-------------------------------------------
     0 | D:1      | heikuro the Formicid Fighter began the quest for the Orb.
     0 | D:1      | Reached XP level 1. HP: 18/18 MP: 1/1
   348 | D:1      | Reached XP level 2. HP: 24/24 MP: 2/2
   545 | D:1      | Found a faded altar of an unknown god.
   568 | D:1      | Became a worshipper of Cheibriados the Contemplative
   568 | D:1      | Reached * piety under Cheibriados
  1013 | D:2      | Reached XP level 3. HP: 22/29 MP: 3/3
  1436 | D:2      | Reached skill level 4 in Shields
  1573 | D:2      | Found a runed translucent door.
  1574 | D:2      | Noticed Crazy Yiuf
  1584 | D:2      | HP: 1/29 [Crazy Yiuf (4)]
  1584 | D:2      | Slain by Crazy Yiuf

Illustrated notes

Levels and vault maps discovered:
D:1:      nagdon_arrival_zigzag_paths, layout_loops_ring,
          ebering_ecumenical_altar_sacrificial
D:2:      layout_rooms, chequers_decorated_corner, uniq_crazy_yiuf_cottage

Skill      XL: |  1  2  3 |
---------------+----------+-----
Shields        | 4 |  4.0
Fighting       | |  3.6
Long Blades    | |  2.7
Armour         | |  3.6
Invocations    | |  0.4

Action                   || total
-------------------------++-------
Melee: Long sword        ||    83
Armor: Scale mail        ||    27
       Plate armour      ||    13
Dodge: Dodged            ||    30
Block: Buckler           ||    12
       Kite shield       ||     9

Table legend: (Time is in decaauts)
 A = Elapsed time spent in this place.
 B = Non-inter-level travel time spent in this place.
 C = Inter-level travel time spent in this place.
 D = Time resting spent in this place.
 E = Time spent auto-exploring this place.
 F = Levels seen in this place.
 G = Mean time per level.
                   A        B        C        D        E       F      G
               +--------+--------+--------+--------+--------+-----+--------+
         Total |   1888 |   1800 |     88 |    426 |    921 |   2 |  944.0 |
       Dungeon |   1888 |   1800 |     88 |    426 |    921 |   2 |  944.0 |
               +--------+--------+--------+--------+--------+-----+--------+

Top non-repeatable levels by time:
     D:1: 1180 daAuts
     D:2: 707 daAuts
